[Event "*** Titled Tuesday Blitz"]
[Site "Chess.com"]
[Date "2020.12.01"]
[Round "8"]
[White "pedromartinez91"]
[Black "csati17"]
[Result "1-0"]
[WhiteElo "2468"]
[BlackElo "2577"]
[TimeControl "180+1"]
[EndTime "11:25:45 PST"]
[Termination "pedromartinez91 won by resignation"]

1. d4 Nf6 2. c4 e6 3. Nc3 Bb4 4.
Qc2 O-O 5. Bg5 h6 6. Bh4 d5 7. e3 c5 8. dxc5 g5 9. Bg3 Ne4 10. Bd3 Nxc5 11. Bh7+ Kh8 12. h4 f5 13. hxg5 Qxg5 14. Bf4 Qxg2 15. Rxh6 Qxg1+ 16. Ke2 Qg4+ 17. Kd2 Kg7 18. Be5+ Kf7 19. Bg6+ Qxg6 20. Rxg6 Ne4+ 21. Ke2 Kxg6 22. Nxe4 fxe4 23. Rg1+ Kf7 24. cxd5 Bd7 25. Rg7+ Ke8 26. Qxe4 Bb5+ 27. Kd1 Nd7 28. Qxb4 1-0

[Event "*** Titled Tuesday Blitz"]
[Site "Chess.com"]
[Date "2020.12.01"]
[Round "8"]
[White "sergeikim"]
[Black "VladaSviridova"]
[Result "1-0"]
[WhiteElo "2526"]
[BlackElo "2315"]
[TimeControl "180+1"]
[EndTime "11:25:45 PST"]
[Termination "sergeikim won on time"]

1. d4 d5 2. c4 c6 3. Nf3 Nf6 4. Qc2 dxc4 5. Qxc4 Bf5 6. e3 e6 7.
Bd3 Bxd3 8. Qxd3 Nbd7 9. O-O Be7 10. Nc3 O-O 11. e4 Rc8 12. Rd1 Qc7 13. Bg5 h6 14. Bh4 Rfe8 15. Rac1 e5 16. Bg3 Bd6 17.
Nb5 Qb8 18. Nxd6 Qxd6 19. dxe5 Qxd3 20. Rxd3 Nxe5 21. Bxe5 Nxe4 22. Rcd1 Nc5 23. R3d2 f6 24. Bc3 Ne4 25. Rd7 Nxc3 26. bxc3 Re2 27. Rxb7 Rxa2 28. h3 Re8 29. Rdd7 Ree2 30. Rxg7+ Kf8 31. Rgc7 a5 32.
Nd4 Re1+ 33. Kh2 Rxf2 34. Rxc6 Rd2 35. Rc8+ Re8 36. Ne6+ 1-0

[Event "*** Titled Tuesday Blitz"]
[Site "Chess.com"]
[Date "2020.12.01"]
[Round "8"]
[White "eCztery"]
[Black "Ajedrez_con_German"]
[Result "1/2-1/2"]
[WhiteElo "2347"]
[BlackElo "2460"]
[TimeControl "180+1"]
[EndTime "11:25:45 PST"]
[Termination "Game drawn by repetition"]

1. e4 e5 2. Nf3 Nc6 3. d4 exd4 4.
Bc4 Nf6 5. O-O Nxe4 6. Nc3 Nxc3 7. bxc3 Be7 8. cxd4 d5 9. Bb5 O-O 10. Bxc6 bxc6 11.
Ne5 Bd7 12. Re1 f6 13. Nd3 Bf5 14. a4 Re8 15. h3 Bd6 16. Ba3 Rxe1+ 17. Nxe1 Qe7 18.
Bxd6 cxd6 19. Ra3 Re8 20. Re3 Qd7 21. Qe2 Rxe3 22. Qxe3 Qe6 23. Qc3 Qe2 24. Kh2 Qc4 25. Qa5 Qxd4 26. Nf3 Qf4+ 27. Kg1 Qc1+ 28. Kh2 Qf4+ 29.
Kg1 Be4 30. Qd8+ Kf7 31. Qd7+ Kf8 32. Nd4 Qc1+ 33. Kh2 Qf4+ 34. Kg1 Qc1+ 35. Kh2 Qf4+ 36. Kg1 1/2-1/2

[Event "*** Titled Tuesday Blitz"]
[Site "Chess.com"]
[Date "2020.12.01"]
[Round "8"]
[White "andrzej"]
[Black "Nachsueb"]
[Result "1-0"]
[WhiteElo "2361"]
[BlackElo "2185"]
[TimeControl "180+1"]
[EndTime "11:25:45 PST"]
[Termination "andrzej won by resignation"]

1. e4 e6 2. d4 d5 3. Nc3 Bb4 4. e5 c5 5. a3 Bxc3+ 6. bxc3 Ne7 7. Qg4 Qc7 8. Bd3 cxd4 9. Ne2 h5 10. Qh4 dxc3 11. f4 Nbc6 12. O-O Bd7 13. a4 O-O-O 14. Ba3 Ng6 15. Qf2 h4 16. a5 Be8 17.
Bc5 Kb8 18. Rfb1 d4 19. Nxd4 Ncxe5 20. Bxa7+ Ka8 21. fxe5 Nxe5 22. Bb6 Qd6 23. a6 h3 24.
axb7+ Kxb7 25. Bc5+ 1-0

[Event "*** Titled Tuesday Blitz"]
[Site "Chess.com"]
[Date "2020.12.01"]
[Round "8"]
[White "ehrenfeld"]
[Black "scoopbh"]
[Result "1-0"]
[WhiteElo "2478"]
[BlackElo "2089"]
[TimeControl "180+1"]
[EndTime "11:25:46 PST"]
[Termination "ehrenfeld won by resignation"]

1. e4 c5 2. Nc3 Nc6 3. Bb5 Nd4 4. Nf3 e6 5. O-O a6 6. Bd3 Ne7 7. Nxd4 cxd4 8. Ne2 d5 9. e5 Nc6 10. f4 Nb4 11. Kh1 Nxd3 12. cxd3 Bc5 13. Nxd4 O-O 14. Nf3 d4 15. b3 b5 16. Bb2 Bb7 17. Rc1 Qd5 18. Qe2 Rac8 19. h3 a5 20. Kh2 a4 21.
b4 Bxb4 22. Bxd4 Qxa2 23. Rb1 Bxf3 24. Qxf3 Qxd2 25. Rfd1 Qa2 26. Rxb4 Rc2 27. Rxb5 a3 28. Rdb1 Rd2 29. Rb8 g6 30. Bc5 Rxb8 31. Rxb8+ 1-0

[Event "*** Titled Tuesday Blitz"]
[Site "Chess.com"]
[Date "2020.12.01"]
[Round "8"]
[White "GAusal"]
[Black "Deepweb2020"]
[Result "1-0"]
[WhiteElo "2092"]
[BlackElo "2258"]
[TimeControl "180+1"]
[EndTime "11:25:46 PST"]
[Termination "GAusal won on time"]

1. e4 e5 2. f4 exf4 3. Nf3 d5 4. e5 c5 5. d4 Nc6 6. Bxf4 cxd4 7. Nxd4 Bc5 8. Nb3 Bb6 9. Nc3 Nge7 10. Qh5 Be6 11.
O-O-O Qd7 12. Bb5 Bg4 13. Qg5 Bxd1 14. Rxd1 O-O 15. Bd3 Ng6 16. Qh5 Nb4 17. Bf5 Qc7 18. Bg3 Be3+ 19. Kb1 d4 20. Ne4 Qxc2+ 21. Ka1 Qc6 22.
Nd6 Qa6 23. a3 Nc6 24. Nc5 Qa5 25. Ndxb7 Qb6 26. e6 fxe6 27. Bxe6+ 1-0

[Event "*** Titled Tuesday Blitz"]
[Site "Chess.com"]
[Date "2020.12.01"]
[Round "8"]
[White "zverr1"]
[Black "temus_galaktionov"]
[Result "0-1"]
[WhiteElo "2476"]
[BlackElo "2693"]
[TimeControl "180+1"]
[EndTime "11:25:50 PST"]
[Termination "temus_galaktionov won by resignation"]

1. d4 c6 2. c4 g6 3. h4 Bg7 4. h5 d6 5. Nc3 Qb6 6. Nf3 Bg4 7. hxg6 hxg6 8. Rxh8 Bxh8 9. e3 Nd7 10. Be2 Ngf6 11.
Qb3 O-O-O 12. Qxb6 axb6 13. a4 Kc7 14. a5 bxa5 15.
Rxa5 Bg7 16. b4 Rh8 17. Bb2 Rh1+ 18. Kd2 Nb6 19. b5 c5 20. dxc5 dxc5 21. Ne5 Bxe2 22. Kxe2 Nfd7 23. Nxd7 Nxc4 24. Nd5+ Kxd7 25. Ra7 Bxb2 26.
Rxb7+ Ke6 27. e4 Bf6 28. f4 Rb1 29. g4 Nd6 30. Nc7+ Kd7 31. Ra7 Nxe4 32. b6 Kc6 33. Na8 Nc3+ 34. Kd3 Nd5 35. g5 Bd4 36. Ra6 Nb4+ 0-1

[Event "*** Titled Tuesday Blitz"]
[Site "Chess.com"]
[Date "2020.12.01"]
[Round "8"]
[White "Skatchkov_V"]
[Black "Trickov"]
[Result "1-0"]
[WhiteElo "2495"]
[BlackElo "2341"]
[TimeControl "180+1"]
[EndTime "11:25:50 PST"]
[Termination "Skatchkov_V won by resignation"]

1. d4 d5 2. c4 c6 3. Nf3 Nf6 4. Nc3 dxc4 5. a4 Bf5 6. Ne5 Nbd7 7. Nxc4 Qc7 8. Qd2 Rd8 9. Qf4 Qxf4 10. Bxf4 Nb6 11.
Nxb6 axb6 12. e3 Nd5 13. Nxd5 Rxd5 14. Bc7 e5 15. Bc4 Bb4+ 16. Ke2 Rd7 17. Bxe5 O-O 18. f3 Re8 19. g4 Be6 20. Bxe6 Rxe6 21. Rhd1 c5 22.
dxc5 Rxd1 23. Rxd1 f6 24. Rd8+ Kf7 25. Bd6 bxc5 26.
f4 Re4 27. Kd3 Re8 28. Rxe8 Kxe8 29. Kc4 b6 30. Kb5 Kd7 31. Bf8 Bd2 32. Bxg7 Bxe3 33.
Bxf6 Bxf4 34. Kxb6 c4 35. h3 Kc8 36. Kb5 1-0

[Event "*** Titled Tuesday Blitz"]
[Site "Chess.com"]
[Date "2020.12.01"]
[Round "8"]
[White "niki_2003"]
[Black "lacafi"]
[Result "1-0"]
[WhiteElo "2027"]
[BlackElo "2188"]
[TimeControl "180+1"]
[EndTime "11:25:50 PST"]
[Termination "niki_2003 won by resignation"]

1. d4 f5 2. Nc3 Nf6 3. Bg5 g6 4.
Bxf6 exf6 5. e4 fxe4 6. Nxe4 d5 7. Nc3 Qe7+ 8. Qe2 Qxe2+ 9. Bxe2 c6 10. O-O-O Bd6 11. h4 O-O 12. h5 g5 13. Bd3 f5 14. Nf3 Nd7 15. g3 h6 16. Rde1 Nf6 17. Kb1 f4 18. gxf4 Bxf4 19. Ne5 Kg7 20. Ng6 Re8 21.
Nxf4 gxf4 22. Rhg1+ Kf8 23. Rxe8+ Kxe8 24. Rg6 Nxh5 25.
Rxh6 Ng7 26. Rh8+ Ke7 27. Rh4 Ne6 28. Bf5 Bd7 29. Bxe6 Bxe6 30. Rxf4 Rg8 31. b3 Kd6 32. Kb2 b6 33. Ne2 c5 34. Rf6 Ke7 35. Rf4 Rg2 36. a3 Kd6 37. Rf6 Ke7 38. Rxe6+ 1-0

[Event "*** Titled Tuesday Blitz"]
[Site "Chess.com"]
[Date "2020.12.01"]
[Round "8"]
[White "AquivaRubinstein"]
[Black "UCantHandleDenker"]
[Result "0-1"]
[WhiteElo "2485"]
[BlackElo "2534"]
[TimeControl "180+1"]
[EndTime "11:25:54 PST"]
[Termination "UCantHandleDenker won by resignation"]

1. e4 c5 2. Nf3 d6 3. d4 cxd4 4. Nxd4 Nf6 5. Nc3 g6 6. Be3 Bg7 7. f3 O-O 8. Qd2 Nc6 9. Bc4 Bd7 10. O-O-O Qa5 11. Bb3 Ne5 12. g4 Rfc8 13. Kb1 b5 14. h4 Nc4 15. Bxc4 bxc4 16. g5 Nh5 17. Nce2 Qc7 18. c3 Rab8 19. f4 Bc6 20. Nxc6 Qxc6 21. Qc2 Rb7 22. Nd4 Bxd4 23. Rxd4 Rcb8 24. Bc1 Nxf4 25.
Rf1 Nd3 26. b3 Nxc1 27. Kxc1 cxb3 28. axb3 Rxb3 29. Rb4 R8xb4 30. cxb4 Rc3 31. Qxc3 Qxc3+ 0-1

[Event "*** Titled Tuesday Blitz"]
[Site "Chess.com"]
[Date "2020.12.01"]
[Round "8"]
[White "stepanosinovsky"]
[Black "Gogolev_Artemy"]
[Result "1-0"]
[WhiteElo "2314"]
[BlackElo "2405"]
[TimeControl "180+1"]
[EndTime "11:25:54 PST"]
[Termination "stepanosinovsky won by resignation"]

1. g3 Nf6 2. Bg2 g6 3. e4 d6 4. d4 Bg7 5. Ne2 O-O 6. O-O c5 7. c3 cxd4 8. cxd4 Bg4 9. h3 Bxe2 10. Qxe2 Nc6 11. Be3 Qa5 12. Nd2 Nd7 13. Nb3 Qa4 14.
Rfc1 Rfc8 15. Rc4 Qa6 16. Bf1 Nb6 17. Rcc1 Qxe2 18. Bxe2 Na4 19. Bb5 Nb6 20. a4 a6 21.
Be2 Nb4 22. a5 Nd7 23. Bd2 Nc6 24. Be3 Nb4 25. Bd2 Nc2 26. Ra4 e5 27. Bg4 f5 28.
exf5 Nxd4 29. Rxc8+ Rxc8 30. Nxd4 exd4 31. fxg6 Rc2 32.
gxh7+ Kxh7 33. Bf5+ 1-0

[Event "*** Titled Tuesday Blitz"]
[Site "Chess.com"]
[Date "2020.12.01"]
[Round "8"]
[White "mortngabriel"]
[Black "mjray79"]
[Result "1-0"]
[WhiteElo "2295"]
[BlackElo "2417"]
[TimeControl "180+1"]
[EndTime "11:25:55 PST"]
[Termination "mortngabriel won by resignation"]

1. Nf3 Nf6 2. d4 g6 3. Nc3 Bg7 4. e4 d6 5. Be3 Nc6 6. Qd2 Bg4 7. O-O-O e5 8. Bb5 Bxf3 9. gxf3 exd4 10. Bxd4 a6 11. Bxc6+ bxc6 12. Be3 Rb8 13. Bh6 Bxh6 14. Qxh6 Qe7 15. f4 Ng4 16. Qg7 Rf8 17. Qd4 c5 18. Qd2 Kd7 19. f3 Nf6 20. e5 Ne8 21. Rhe1 Kc8 22. Qd3 Rb6 23. Nd5 Qd8 24. Nxb6+ cxb6 25. Qxa6+ Kb8 26. exd6 Nxd6 27. Rd3 Qc7 28. Red1 Rd8 29.
Kb1 Qc6 30. c4 Rd7 31. a4 Ra7 32. Rxd6 Qxd6 33. Qxa7+ Kxa7 34. Rxd6 1-0

[Event "*** Titled Tuesday Blitz"]
[Site "Chess.com"]
[Date "2020.12.01"]
[Round "8"]
[White "tolimachess"]
[Black "Pertinhez76"]
[Result "1-0"]
[WhiteElo "2441"]
[BlackElo "2031"]
[TimeControl "180+1"]
[EndTime "11:25:56 PST"]
[Termination "tolimachess won by resignation"]

1. e4 e6 2. d4 d5 3. Nd2 Nf6 4. e5 Nfd7 5. Bd3 c5 6. c3 Nc6 7.
Ne2 cxd4 8. cxd4 f6 9. exf6 Nxf6 10. Nf3 Bd6 11. O-O Qc7 12. Bg5 O-O 13. Rc1 h6 14.
Bh4 Nh5 15. Bb1 Bd7 16. Qd3 Rf5 17. Ng3 Nxg3 18. Bxg3 Bxg3 19. hxg3 Qd6 20. Nh4 Nb4 21. Nxf5 exf5 22. Qf3 Rf8 23. Qf4 Qxf4 24. gxf4 Bb5 25. Rfe1 Rf7 26. Re5 g6 27. a3 Nc6 28. Rxd5 Be2 29. f3 Ba6 30. Kf2 Kg7 31. b4 Ne7 32.
Rd7 Bb5 33. Rxb7 Nc6 34. Rxb5 Nxd4 35. Rd5 Nb3 36. Rc3 Na1 37. Bd3 Re7 38. b5 h5 39.
Rdc5 1-0

[Event "*** Titled Tuesday Blitz"]
[Site "Chess.com"]
[Date "2020.12.01"]
[Round "8"]
[White "Susal_De_Silva"]
[Black "SlavenPastar"]
[Result "1-0"]
[WhiteElo "2664"]
[BlackElo "2511"]
[TimeControl "180+1"]
[EndTime "11:25:57 PST"]
[Termination "Susal_De_Silva won by resignation"]

1. e4 b6 2. d4 Bb7 3. Nc3 e6 4. Nf3 Bb4 5. Bd3 Nf6 6. e5 Ne4 7. Bd2 Nxd2 8. Qxd2 Bxf3 9. gxf3 Qh4 10. a3 Bxc3 11.
Qxc3 Nc6 12. Be4 O-O-O 13. O-O-O Kb8 14. Kb1 Qxf2 15. d5 exd5 16. Rxd5 Ne7 17. Rd3 Qc5 18.
Qxc5 bxc5 19. Rb3+ Kc8 20. Bb7+ Kb8 21. Ba6+ Ka8 22.
Rd1 d5 23. Bb7+ Kb8 24. Bxd5+ Kc8 25. Bb7+ Kb8 26. Be4+ Kc8 27. Rg1 g6 28. Rb7 Rd2 29.
Rxa7 Rhd8 30. Kc1 R2d4 31. c3 Rxe4 32. fxe4 Nc6 33. Ra4 Nxe5 34. Rd1 Re8 35. Ra8+ 1-0

[Event "*** Titled Tuesday Blitz"]
[Site "Chess.com"]
[Date "2020.12.01"]
[Round "8"]
[White "JoachimMouhamad"]
[Black "Gusarov91"]
[Result "0-1"]
[WhiteElo "2403"]
[BlackElo "2635"]
[TimeControl "180+1"]
[EndTime "11:25:57 PST"]
[Termination "Gusarov91 won by resignation"]

1. e4 c5 2. Nf3 Nf6 3. Nc3 d5 4. exd5 Nxd5 5. Bb5+ Bd7 6. Ne5 Bxb5 7. Qf3 f6 8. Nxb5 fxe5 9. Qxd5 Qxd5 10. Nc7+ Kd7 11. Nxd5 e6 12. Ne3 Nc6 13. c3 Bd6 14. d3 Rhf8 15.
Nc4 b5 16. Nxd6 Kxd6 17. Be3 Ne7 18. d4 exd4 19. cxd4 c4 20. Bd2 Nd5 21. O-O a5 22. Rac1 Rfc8 23. Rfe1 b4 24. Re5 c3 25. bxc3 bxc3 26.
Be3 Rab8 27. Rg5 g6 28. h4 c2 29. Bd2 Rb1 30. Rg3 Rxc1+ 31. Bxc1 Rb8 32. Ba3+ Kd7 33. Rb3 Rxb3 34. axb3 Nc3 35. Kf1 Na2 36. Ke2 c1=Q 37. Bxc1 Nxc1+ 38. Kd2 Nxb3+ 39. Kc3 Nc1 40. Kc4 Kd6 0-1

[Event "*** Titled Tuesday Blitz"]
[Site "Chess.com"]
[Date "2020.12.01"]
[Round "8"]
[White "leoduarte"]
[Black "Das_Virus_2020"]
[Result "1/2-1/2"]
[WhiteElo "2338"]
[BlackElo "2448"]
[TimeControl "180+1"]
[EndTime "11:25:57 PST"]
[Termination "Game drawn by repetition"]

1. e4 e6 2. d4 d5 3. Nd2 Nf6 4. e5 Nfd7 5. Bd3 c5 6. c3 Nc6 7. Ne2 cxd4 8. cxd4 f6 9. exf6 Nxf6 10. Nf3 Bd6 11. O-O O-O 12. Bf4 Bxf4 13. Nxf4 Ne4 14. Qc1 Qf6 15. Ne2 Bd7 16. Qe3 Nb4 17. Ne5 Rad8 18.
Bxe4 dxe4 19. Qxe4 Bb5 20. a3 Nc6 21. Nxc6 bxc6 22. Qe3 Bxe2 23. Qxe2 Rxd4 24. Rad1 e5 25. Rd3 Rfd8 26. Rxd4 exd4 27. Qc4+ Kh8 28. Rd1 h6 29. g3 Qd6 30. Rd3 Qe5 31. Qxc6 Rf8 32. Rf3 Rd8 33. Rd3 Rf8 34. Rf3 Rd8 35. Rd3 1/2-1/2

[Event "*** Titled Tuesday Blitz"]
[Site "Chess.com"]
[Date "2020.12.01"]
[Round "8"]
[White "Taktikmonster"]
[Black "BanjoKazooieN64"]
[Result "1-0"]
[WhiteElo "2211"]
[BlackElo "2359"]
[TimeControl "180+1"]
[EndTime "11:25:57 PST"]
[Termination "Taktikmonster won by resignation"]

1. e4 Nf6 2. e5 Nd5 3. c4 Nb6 4. d4 d6 5. exd6 exd6 6. Nc3 Be7 7. Bd3 O-O 8. Nge2 Nc6 9. O-O Bf6 10. Be3 Re8 11.
Qd2 Nb4 12. a3 Nxd3 13. Qxd3 Bg4 14. Nf4 Qd7 15. b3 Bf5 16. Qd2 c6 17. Rae1 d5 18. c5 Nc8 19. Nh5 Bd8 20. Bh6 g6 21. Rxe8+ Qxe8 22. Re1 Qd7 23. Qe3 Be6 24. Qe5 f6 25. Nxf6+ Bxf6 26. Qxf6 Qe7 27. Rxe6 Qxf6 28. Rxf6 Ne7 29. g4 Re8 30. Ne2 b6 31. b4 bxc5 32. bxc5 a5 33. Nf4 a4 34. Ne6 Nc8 35. Ng5 Re1+ 36. Kg2 Re8 37.
Rf7 Rd8 38. Rg7+ Kf8 39. Ne6+ Ke8 40. Nxd8 Kxd8 41. Rxh7 Na7 42. Rxa7 1-0

[Event "*** Titled Tuesday Blitz"]
[Site "Chess.com"]
[Date "2020.12.01"]
[Round "8"]
[White "Anna_ChessMate"]
[Black "igorkovalenko"]
[Result "0-1"]
[WhiteElo "2578"]
[BlackElo "2790"]
[TimeControl "180+1"]
[EndTime "11:26:00 PST"]
[Termination "igorkovalenko won by resignation"]

1. d4 Nf6 2. c4 e6 3. Nf3 b6 4. g3 Ba6 5. Qc2 Bb4+ 6. Bd2 c5 7. Bg2 Nc6 8. O-O Rc8 9. dxc5 Bxc5 10. b3 d5 11.
cxd5 Nxd5 12. Nc3 Ndb4 13. Qb2 Nd4 14. a3 Nbc2 15. Nxd4 Nxd4 16. Rfe1 O-O 17. Ne4 Nxe2+ 18. Rxe2 Bxe2 19. Bc3 Bd3 20. Bxg7 Bxe4 21. Bxe4 f5 22. Bf3 Rf7 23. Be5 Rd7 24. Bf4 Bd4 25. Qe2 e5 26.
Bxe5 Bxa1 27. Bxa1 Rc1+ 28. Kg2 Rxa1 29. Qe6+ Kg7 30.
Bc6 Rd6 31. Qe5+ Qf6 0-1

[Event "*** Titled Tuesday Blitz"]
[Site "Chess.com"]
[Date "2020.12.01"]
[Round "8"]
[White "Mr_Sinigami"]
[Black "XDPS"]
[Result "1-0"]
[WhiteElo "2587"]
[BlackElo "2762"]
[TimeControl "180+1"]
[EndTime "11:26:00 PST"]
[Termination "Mr_Sinigami won on time"]

1. d4 d5 2. Nf3 Nf6 3. Bf4 e6 4. e3 Bd6 5. Bg3 O-O 6. Nbd2 c5 7. c3 Qc7 8. dxc5 Qxc5 9. Bd3 Nbd7 10. Qe2 e5 11. e4 dxe4 12. Bxe4 Re8 13. O-O-O Rb8 14.
Qd3 Bf8 15. Rhe1 b5 16. Nb3 Qc7 17. Kb1 a5 18. Ng5 g6 19. Bd5 Nxd5 20. Qxd5 Nb6 21. Qxb5 Nc4 22. Qa4 Bf5+ 23. Ka1 Na3 24. Nd4 Qb6 25.
Qb3 exd4 26. Qxf7+ 1-0

[Event "*** Titled Tuesday Blitz"]
[Site "Chess.com"]
[Date "2020.12.01"]
[Round "8"]
[White "Xeniya2005"]
[Black "rududuyk"]
[Result "1-0"]
[WhiteElo "2438"]
[BlackElo "2231"]
[TimeControl "180+1"]
[EndTime "11:26:01 PST"]
[Termination "Xeniya2005 won by checkmate"]

1. e4 e6 2. d4 d5 3. Nd2 Nf6 4. e5 Nfd7 5. Bd3 c5 6. c3 Nc6 7. Ndf3 cxd4 8. cxd4 a5 9. Ne2 a4 10. Bd2 a3 11. b3 Nb4 12. Bb1 Nb6 13. O-O Bd7 14.
Bxb4 Bxb4 15. Bd3 Nc8 16. Rc1 Na7 17. Ng3 Bb5 18. Qe2 Qb6 19. Bxb5+ Nxb5 20. Qe3 Qa5 21. Nh5 Rg8 22. Qg5 Kf8 23. Qf4 h6 24. Ng3 Bc3 25. Rc2 Bb2 26. h4 Nc3 27. Nh5 Nxa2 28. g4 Nb4 29. Rc5 Qd8 30. g5 Nd3 31. Qg4 Nxc5 32. dxc5 a2 33. g6 a1=Q 34. Rxa1 Rxa1+ 35. Kg2 f6 36. Qxe6 Bxe5 37. Qf7# 1-0

[Event "*** Titled Tuesday Blitz"]
[Site "Chess.com"]
[Date "2020.12.01"]
[Round "8"]
[White "rychessmaster1"]
[Black "Sokoloco"]
[Result "0-1"]
[WhiteElo "2567"]
[BlackElo "2494"]
[TimeControl "180+1"]
[EndTime "11:26:03 PST"]
[Termination "Sokoloco won by resignation"]

1. d4 d6 2. Nc3 g6 3. e4 Bg7 4.
Nf3 a6 5. Be3 b5 6. a4 b4 7. Nd5 a5 8. Nf4 Bb7 9. Bd3 Nd7 10. c3 e5 11. Ne2 bxc3 12. bxc3 Ngf6 13. Qc2 O-O 14. O-O Re8 15. Ng3 c5 16. Rab1 Qc7 17.
dxe5 dxe5 18. Rfd1 Bc6 19. Bb5 Rab8 20. h3 Bxb5 21.
Rxb5 Rxb5 22. axb5 Nb6 23. Qa2 a4 24. Qa3 Nfd7 25.
Ne1 Nc4 26. Qa2 Nxe3 27. fxe3 Nb6 28. Nd3 c4 29. Nb4 Qc5 30. Nf1 Qxb5 31. Nd5 Nxd5 32. exd5 Qb3 33. Qxb3 cxb3 34. Nd2 e4 35. c4 Bc3 36.
Nb1 Bb4 37. d6 a3 38. Nxa3 Bxa3 39. Kf2 Rd8 40. d7 Kf8 41. Ke2 Ke7 42. Ra1 b2 43. Rb1 Rxd7 44. g4 Rc7 45. Kd2 Rxc4 0-1

[Event "*** Titled Tuesday Blitz"]
[Site "Chess.com"]
[Date "2020.12.01"]
[Round "8"]
[White "Pogosian_Manvel"]
[Black "Zq1"]
[Result "1-0"]
[WhiteElo "2409"]
[BlackElo "2556"]
[TimeControl "180+1"]
[EndTime "11:26:04 PST"]
[Termination "Pogosian_Manvel won by resignation"]

1. Nf3 Nf6 2. d4 d5 3. c4 e6 4. Nc3 Be7 5. e3 O-O 6. Bd3 c5 7. O-O cxd4 8. exd4 dxc4 9. Bxc4 Nc6 10. Re1 b6 11. a3 Bb7 12. Qd3 Rc8 13. Bb3 Na5 14. Bc2 g6 15. Bh6 Re8 16. Ne5 Nc6 17. Nf3 Na5 18.
Rad1 Nd5 19. Ne5 Nxc3 20. bxc3 Bf6 21. Ng4 Bh8 22. Ba4 Bc6 23. Bxc6 Rxc6 24. Qf3 Rc8 25. d5 e5 26. d6 Rc4 27. d7 Re6 28. Ne3 Rh4 29. Bg5 Bf6 30. Bxf6 1-0

[Event "*** Titled Tuesday Blitz"]
[Site "Chess.com"]
[Date "2020.12.01"]
[Round "8"]
[White "LamaChampetre"]
[Black "Chuchofrio1"]
[Result "1-0"]
[WhiteElo "2233"]
[BlackElo "2430"]
[TimeControl "180+1"]
[EndTime "11:26:04 PST"]
[Termination "LamaChampetre won by checkmate"]

1. d4 f5 2. g3 d6 3. Bg2 Nf6 4. Nf3 g6 5. O-O Bg7 6. b3 O-O 7. Bb2 Nc6 8. Nbd2 Qe8 9. c4 e5 10. dxe5 dxe5 11. e4 f4 12. c5 h6 13. Qc2 g5 14.
Nc4 Nd7 15. Bh3 Nxc5 16. Bxc8 Rxc8 17. Rac1 Nb4 18. Qc3 Nxa2 19. Qa5 Nxc1 20. Qxc5 Ne2+ 21.
Kg2 fxg3 22. fxg3 Nd4 23. Qd5+ Kh8 24. Nfxe5 Rxf1 25. Kxf1 Qf8+ 26. Kg2 Rd8 27. Ng6+ Kh7 28. Nxf8+ Rxf8 29. Bxd4 c6 30. Qd7 Rg8 31. Bxg7 Rxg7 32. Qf5+ Kh8 33. Ne5 Rc7 34. Qf8+ Kh7 35. Qf5+ Kh8 36.
h3 Rg7 37. Qf6 Kg8 38. Qe6+ Kh8 39. Nd7 Kh7 40. Nf6+ Kh8 41. Qe8+ Rg8 42. Qxg8# 1-0

[Event "*** Titled Tuesday Blitz"]
[Site "Chess.com"]
[Date "2020.12.01"]
[Round "8"]
[White "GianmarcoVaR"]
[Black "ChainsOfFantasia"]
[Result "1-0"]
[WhiteElo "2661"]
[BlackElo "2508"]
[TimeControl "180+1"]
[EndTime "11:26:06 PST"]
[Termination "GianmarcoVaR won by resignation"]

1. d4 Nf6 2. Nf3 e6 3. c4 d5 4.
g3 Be7 5. Bg2 O-O 6. O-O dxc4 7.
Qc2 a6 8. a4 c5 9. Qxc4 b5 10.
Qc2 cxd4 11. Nxd4 Ra7 12. axb5 Qxd4 13. Be3 Qd7 14. Rd1 Qc7 15. Nc3 Bc5 16. Nd5 Nxd5 17.
Bxc5 Nd7 18. b4 Nxc5 19. Qxc5 Qxc5 20. bxc5 Rc7 21. bxa6 Rxc5 22. a7 Bb7 23. Rdb1 Ba8 24. Rb8 Nc7 25. Rab1 Bxg2 26. Kxg2 Ra5 27. R1b7 h5 28.
Rxf8+ Kxf8 29. Rxc7 g5 30. Rc8+ 1-0

[Event "*** Titled Tuesday Blitz"]
[Site "Chess.com"]
[Date "2020.12.01"]
[Round "8"]
[White "Forantes"]
[Black "stoleriu"]
[Result "0-1"]
[WhiteElo "2393"]
[BlackElo "2555"]
[TimeControl "180+1"]
[EndTime "11:26:08 PST"]
[Termination "stoleriu won by resignation"]

1. Nf3 Nf6 2. g3 b5 3. Bg2 d5 4. d4 e6 5. O-O Be7 6. b3 O-O 7. c4 bxc4 8. bxc4 c6 9. Ne5 Nfd7 10. Bf4 Nxe5 11. Bxe5 Nd7 12. Bf4 Ba6 13. Nd2 Nb6 14.
c5 Nc4 15. Nf3 Qa5 16. Re1 Bf6 17. e3 Rfe8 18. e4 Rad8 19. e5 Be7 20. Bf1 Nb2 21. Qc2 Bxf1 22. Rxf1 Nc4 23. Bg5 h6 24. Bxe7 Rxe7 25.
Rfb1 Na3 26. Qb3 Nxb1 27. Rxb1 Ree8 28. Qb7 Rb8 29. Qxb8 Rxb8 30. Rxb8+ Kh7 31. Rb2 Qa3 32. Rb3 Qxa2 33. Re3 Qa1+ 34. Kg2 a5 35. Rb3 a4 36. Rb6 a3 37. Rxc6 a2 38. Ra6 Qb2 39. c6 a1=Q 40.
Rxa1 Qxa1 41. c7 Qc3 42. c8=Q Qxc8 0-1

[Event "*** Titled Tuesday Blitz"]
[Site "Chess.com"]
[Date "2020.12.01"]
[Round "8"]
[White "NiranjanNavalgund"]
[Black "Mambastik-Fantastic"]
[Result "0-1"]
[WhiteElo "2426"]
[BlackElo "2326"]
[TimeControl "180+1"]
[EndTime "11:26:08 PST"]
[Termination "Mambastik-Fantastic won by checkmate"]

1. e4 c5 2. b4 cxb4 3. a3 bxa3 4. Nf3 Nc6 5. Bc4 e6 6. O-O d6 7. Bxa3 Nf6 8. Nc3 Be7 9. d4 O-O 10. Qe2 a6 11. Bb2 Bd7 12. e5 Nh5 13. g3 g6 14. d5 Nxe5 15. Nxe5 dxe5 16. dxe6 Bxe6 17. Bxe6 fxe6 18. Qxe5 Qd6 19. Qe2 Bf6 20. Ne4 Qb6 21.
Nxf6+ Nxf6 22. Ba3 Rf7 23. Rab1 Qc6 24. Rfd1 Nd5 25. Bb2 Raf8 26. Qe5 Rf6 27. Rd2 b5 28. Bd4 a5 29. Rb3 Nb4 30. Bc5 Rf5 31.
Qd6 Rxc5 32. Qe7 Rxc2 33. Rxc2 Nxc2 34. Rd3 Ne1 35. Rd7 Qg2# 0-1

[Event "*** Titled Tuesday Blitz"]
[Site "Chess.com"]
[Date "2020.12.01"]
[Round "8"]
[White "Vandros57"]
[Black "DanilNajdin"]
[Result "0-1"]
[WhiteElo "2169"]
[BlackElo "2378"]
[TimeControl "180+1"]
[EndTime "11:26:09 PST"]
[Termination "DanilNajdin won on time"]

1. d4 f5 2. c4 Nf6 3. Nf3 e6 4.
Nc3 Bb4 5. Bd2 b6 6. a3 Bxc3 7. Bxc3 Bb7 8. d5 O-O 9. dxe6 dxe6 10. Qxd8 Rxd8 11. Bxf6 gxf6 12. e3 Nd7 13. Be2 Nc5 14. O-O Nd3 15. Bxd3 Rxd3 16. Nd4 Kf7 17. Nb5 a6 18.
Nc3 Rg8 19. f3 Rxe3 20. Kf2 Rd3 21. Rad1 Rgd8 22. Rxd3 Rxd3 23. Ke2 Rd4 24. b3 f4 25. Rd1 Rxd1 26. Nxd1 e5 27. Kd3 Ke6 28. Nf2 f5 29. b4 Kd6 30. Kc3 e4 31. fxe4 fxe4 32. g3 e3 33. Ng4 Bc8 34. Nf6 f3 35. Nxh7 f2 0-1

[Event "*** Titled Tuesday Blitz"]
[Site "Chess.com"]
[Date "2020.12.01"]
[Round "8"]
[White "TrenerChos"]
[Black "GMJustin"]
[Result "1-0"]
[WhiteElo "2189"]
[BlackElo "2285"]
[TimeControl "180+1"]
[EndTime "11:26:09 PST"]
[Termination "TrenerChos won on time"]

1. d4 Nf6 2. Nf3 d5 3. g3 e6 4. Bg2 b5 5. O-O Bb7 6. b3 b4 7.
Bb2 Nbd7 8. Nbd2 Be7 9. Rc1 O-O 10. e3 a5 11. c3 c5 12. c4 dxc4 13. Nxc4 cxd4 14.
Nxd4 Bxg2 15. Kxg2 Qb8 16. Qf3 Bc5 17. Nc6 Qb5 18.
N6e5 Nxe5 19. Nxe5 Nd5 20. Rc4 f6 21. Nd3 Bd6 22.
Rfc1 Rad8 23. Qe4 Rfe8 24. Rc6 a4 25. Qc4 Qxc4 26. bxc4 Ne7 27. Ra6 a3 28. Ba1 Nf5 29.
c5 Bf8 30. Nxb4 Rd2 31. Bc3 Nxe3+ 32. Kf3 Rd1 33. Rxd1 Nxd1 34. Bd4 e5 35. Be3 Nxe3 36. fxe3 1-0